 Dungeon Crawl Stone Soup version 0.27.0-1-g7a089689b8 (webtiles) character file.

Game seed: 2996314904004623585

89 wilfster70 the Chiller (level 4, 0/32 HPs)
             Began as a Gnoll Ice Elementalist on Aug 10, 2021.
             Was a Believer of Sif Muna.
             Killed from afar by Ijyb (16 damage)
             ... with a puff of flame
             ... on level 3 of the Dungeon.
             The game lasted 00:04:58 (1778 turns).

wilfster70 the Chiller (Gnoll Ice Elementalist)     Turns: 1778, Time: 00:04:58

Health: 0/32       AC:  3    Str:  8    XL:     4   Next: 55%
Magic:  20/20      EV: 13    Int: 15    God:    Sif Muna [**....]
Gold:   153        SH:  0    Dex: 12    Spells: 6/13 levels left

rFire    x . .     SeeInvis .   a - +0 dagger
rCold    + . .     Faith    .   (no shield)
rNeg     . . .     Spirit   .   j - +0 robe
rPois    .         Reflect  .   (no helmet)
rElec    .         Harm     .   (no cloak)
rCorr    .         Rampage  .   b - +0 pair of gloves
Will     .....                  (no boots)
Stlth    ++........             p - amulet of regeneration
HPRegen  1.10/turn              d - ring of ice
MPRegen  0.17/turn              k - ring of magical power

@: no status effects
A: fangs 1, strong nose, distributed training
a: Renounce Religion, Channel Magic


You were on level 3 of the Dungeon.
You worshipped Sif Muna.
Sif Muna was pleased with you.
You visited 1 branch of the dungeon, and saw 3 of its levels.

You collected 153 gold pieces.

Inventory:

Hand Weapons
 a - a +0 dagger (weapon)
Missiles
 c - 51 stones
 n - 2 poisoned darts (quivered)
Armour
 b - a +0 pair of gloves (worn)
 j - a +0 robe (worn)
Jewellery
 d - a ring of ice (left hand)
 k - a ring of magical power (right hand)
 p - an amulet of regeneration (around neck)
Wands
 o - a wand of digging (5)
Scrolls
 e - 2 scrolls of fog
 f - a scroll of magic mapping
 g - a scroll of silence {unknown}
 h - a scroll of immolation {unknown}
Potions
 i - a potion of lignification
 l - a potion of heal wounds
 m - a potion of brilliance {unknown}


   Skills:
 + Level 1.2 Fighting
 + Level 1.2 Short Blades
 + Level 1.2 Long Blades
 + Level 1.2 Axes
 + Level 1.2 Maces & Flails
 + Level 1.2 Polearms
 + Level 1.2 Staves
 + Level 1.2 Slings
 + Level 1.2 Bows
 + Level 1.2 Crossbows
 + Level 1.2 Throwing
 + Level 1.2 Armour
 + Level 4.6 Dodging
 + Level 4.3 Stealth
 + Level 1.2 Shields
 + Level 1.2 Unarmed Combat
 + Level 5.1 Spellcasting
 + Level 1.0 Conjurations
 + Level 1.0 Hexes
 + Level 1.0 Summonings
 + Level 1.0 Necromancy
 + Level 1.0 Translocations
 + Level 1.0 Transmutations
 + Level 1.0 Fire Magic
 + Level 7.1 Ice Magic
 + Level 1.0 Air Magic
 + Level 1.0 Earth Magic
 + Level 1.0 Poison Magic
 + Level 1.3 Invocations
 + Level 1.2 Evocations


You had 6 spell levels left.
You knew the following spells:

 Your Spells              Type           Power      Damage    Failure   Level
a - Freeze                Ice            100%       1d11      1%          1
b - Frozen Ramparts       Ice            74%        1d9       2%          3
c - Ozocubu's Armour      Ice            37%        N/A       2%          3

Your spell library contained the following spells:

 Spells                   Type           Power      Damage    Failure   Level
 Hailstorm                Conj/Ice       24%        3d7       30%         4


Dungeon Overview and Level Annotations

Branches:
Dungeon (3/15)

Altars:
Sif Muna

Shops:
D:3 (

Annotations:
D:3 Ijyb


Innate Abilities, Weirdness & Mutations

You have very sharp teeth.
Your uncanny sense of smell can sniff out nearby items.
Your experience applies equally to all skills.


Message History

Magic restored.
You start resting.
HP restored.
Found a forked glass wand.
Found a lumpy cameo amulet.
o - a wand of digging (5)
p - an amulet of regeneration You start putting on your amulet.
You continue putting on your amulet of regeneration. x5
You finish putting on your amulet of regeneration.
The amulet throbs as it attunes itself to your uninjured body.
p - an amulet of regeneration (around neck) Unknown command.
Okay, then.
Unknown command.
Ijyb the Twisted Goblin comes into view.
She is wielding a +0 club and carrying a wand of flame (20).
Ijyb is nearby!
Throw: 6 darts (poison)
Press: ? - help, Q - select action, (/) - cycle Shift-Dir - straight line, f - Ijyb
Aim: Ijyb, wielding a +0 club, wearing a +0 leather armour and carrying a wand of flame (20) (asleep, 98% to hit)
You throw a poisoned dart. The poisoned dart hits Ijyb.
Ijyb is poisoned.
Ijyb shouts!
Throw: 5 darts (poison)
Press: ? - help, Q - select action, (/) - cycle Shift-Dir - straight line, f/p - Ijyb
Aim: Ijyb, wielding a +0 club, wearing a +0 leather armour and carrying a wand of flame (20) (poisoned, 47% to hit)
You throw a poisoned dart. The poisoned dart hits Ijyb.
Ijyb looks even sicker.
Throw: 4 darts (poison)
Press: ? - help, Q - select action, (/) - cycle Shift-Dir - straight line, f/p - Ijyb
Aim: Ijyb, wielding a +0 club, wearing a +0 leather armour and carrying a wand of flame (20) (lightly wounded, very poisoned, 47% to hit)
You throw a poisoned dart. The poisoned dart hits Ijyb.
Ijyb looks even sicker.
Ijyb is lightly wounded.
Ijyb zaps a wand.
The puff of flame hits you!! The fire burns you terribly!
Ouch! That really hurt!
Throw: 3 darts (poison)
Press: ? - help, Q - select action, (/) - cycle Shift-Dir - straight line, f/p - Ijyb
Aim: Ijyb, wielding a +0 club, wearing a +0 leather armour and carrying a wand of flame (19) (moderately wounded, very poisoned, 47% to hit)
You throw a poisoned dart. The poisoned dart closely misses Ijyb.
Ijyb zaps a wand.
The puff of flame hits you! The fire burns you terribly!
Ouch! That really hurt!
You die...

######(.# #(.#
##############
#(.#
.............#
#..#
############.#
#g.# #.# #..#
#.# #..#
#.####..#
#....@..#
#######.# .#
##


You could see Ijyb (very poisoned).

Vanquished Creatures
  Natasha (D:3)
  2 adders (D:2)
  An adder skeleton (D:2)
  5 ball pythons
  3 bats
  5 endoplasms
  7 goblins
  4 hobgoblins
  3 quokkas
  4 frilled lizards
  4 kobolds
  3 rats
42 creatures vanquished.

Vanquished Creatures (others)
  5 fungi (D:2)
  5 toadstools (D:2)
10 creatures vanquished.

Grand Total: 52 creatures vanquished

Notes
Turn   | Place    | Note
-------+----------+-------------------------------------------
     0 | D:1      | wilfster70 the Gnoll Ice Elementalist began the quest for
                  | the Orb.
     0 | D:1      | Reached XP level 1. HP: 13/13 MP: 6/6
   222 | D:1      | Reached XP level 2. HP: 19/19 MP: 3/7
   329 | D:1      | Found a faded altar of an unknown god.
   344 | D:1      | Became a worshipper of Sif Muna the Loreminder
   344 | D:1      | Reached * piety under Sif Muna
   819 | D:2      | Reached XP level 3. HP: 21/25 MP: 3/9
   826 | D:2      | Learned a level 3 spell: Frozen Ramparts
   830 | D:2      | Learned a level 3 spell: Ozocubu's Armour
   904 | D:2      | Reached skill level 5 in Spellcasting
  1113 | D:2      | Reached skill level 1 in Invocations
  1188 | D:2      | Reached skill level 1 in Fighting
  1188 | D:2      | Reached skill level 1 in Short Blades
  1188 | D:2      | Reached skill level 1 in Long Blades
  1188 | D:2      | Reached skill level 1 in Axes
  1188 | D:2      | Reached skill level 1 in Maces & Flails
  1188 | D:2      | Reached skill level 1 in Polearms
  1188 | D:2      | Reached skill level 1 in Staves
  1188 | D:2      | Reached skill level 1 in Slings
  1188 | D:2      | Reached skill level 1 in Bows
  1188 | D:2      | Reached skill level 1 in Crossbows
  1188 | D:2      | Reached skill level 1 in Throwing
  1188 | D:2      | Reached skill level 1 in Armour
  1188 | D:2      | Reached skill level 1 in Shields
  1188 | D:2      | Reached skill level 1 in Unarmed Combat
  1188 | D:2      | Reached skill level 1 in Evocations
  1352 | D:2      | Reached ** piety under Sif Muna
  1406 | D:2      | Reached XP level 4. HP: 28/32 MP: 11/11
  1575 | D:3      | Noticed Natasha
  1588 | D:3      | Killed Natasha
  1590 | D:3      | Found Goshocw's Antique Weapon Emporium.
  1664 | D:3      | Reached skill level 1 in Conjurations
  1664 | D:3      | Reached skill level 1 in Hexes
  1664 | D:3      | Reached skill level 1 in Summonings
  1664 | D:3      | Reached skill level 1 in Necromancy
  1664 | D:3      | Reached skill level 1 in Translocations
  1664 | D:3      | Reached skill level 1 in Transmutations
  1664 | D:3      | Reached skill level 1 in Fire Magic
  1664 | D:3      | Reached skill level 1 in Air Magic
  1664 | D:3      | Reached skill level 1 in Earth Magic
  1664 | D:3      | Reached skill level 1 in Poison Magic
  1771 | D:3      | Noticed Ijyb
  1778 | D:3      | Killed from afar by Ijyb

Illustrated notes

Levels and vault maps discovered:
D:1:      lightli_arrival_statuegarden, layout_basic, basic_ecumenical_altar
D:2:      layout_loops_ring, minivault_19, minmay_misc_feat_room,
          minmay_strange_pillars, minmay_gold_behind_fungi, feat_on_display
D:3:      layout_basic, pdpol_wu_jian_five_deadly_venoms, serial_shops,
          nicolae_shop_statue_plus, minmay_crystal_room, uniq_ijyb, uniq_natasha

Skill      XL: |  1  2  3  4 |
---------------+-------------+-----
Spellcasting   | 5 |  5.1
Invocations    | 1 |  1.3
Fighting       | 1 |  1.2
Short Blades   | 1 |  1.2
Long Blades    | 1 |  1.2
Axes           | 1 |  1.2
Maces & Flails | 1 |  1.2
Polearms       | 1 |  1.2
Staves         | 1 |  1.2
Slings         | 1 |  1.2
Bows           | 1 |  1.2
Crossbows      | 1 |  1.2
Throwing       | 1 |  1.2
Armour         | 1 |  1.2
Shields        | 1 |  1.2
Unarmed Combat | 1 |  1.2
Evocations     | 1 |  1.2
Conjurations   | 1 |  1.0
Hexes          | 1 |  1.0
Summonings     | 1 |  1.0
Necromancy     | 1 |  1.0
Translocations | 1 |  1.0
Transmutations | 1 |  1.0
Fire Magic     | 1 |  1.0
Air Magic      | 1 |  1.0
Earth Magic    | 1 |  1.0
Poison Magic   | 1 |  1.0
Dodging        | |  4.6
Stealth        | |  4.3
Ice Magic      | |  7.1

Action                   |  1- 3 |  4- 6 || total
-------------------------+-------+-------++-------
Melee: Unarmed           |     2 |       ||     2
       Dagger            |     4 |     1 ||     5
Throw: Dart              |       |     7 ||     7
 Cast: Freeze            |    40 |     8 ||    48
       Frozen Ramparts   |     1 |     1 ||     2
  Use: Scroll            |     4 |       ||     4
 Stab: Sleeping          |     1 |       ||     1
Armor: Robe              |     6 |     1 ||     7
Dodge: Dodged            |    16 |     4 ||    20
